 Dungeon Crawl Stone Soup version 0.32-a0-132-g2d33c3cfaf (webtiles) character file.

Game seed: 6774933827445813233

1873 zeratav the Mimic (level 9, -2/61 HPs)
             Began as an Octopode Shapeshifter on Feb 9, 2024.
             Was an Initiate of Gozag.
             Slain by a yak (4 damage)
             ... on level 7 of the Dungeon.
             The game lasted 00:12:45 (6361 turns).

zeratav the Mimic (Octopode Shapeshifter)           Turns: 6361, Time: 00:12:45

Health: -2/61      AC:  5    Str: 23    XL:     9   Next: 14%
Magic:  9/9        EV: 17    Int: 12    God:    Gozag
Gold:   580        SH:  0    Dex: 12    Spells: 8/8 levels left

rFire   . .          .
                       - Unarmed
rCold   . . .        (shield currently unavailable)
rNeg    + . .        (helmet restricted)
rPois   .            h - amulet of the acrobat
rElec   .            f - +6 ring of strength
rCorr   .            m - ring of positive energy
SInv    .            o - +4 ring of protection
Will    .....        (no ring)
Stlth   ++           (no ring)
HPRegen 0.30/turn    (no ring)
MPRegen 0.11/turn    (no ring)
                     (no ring)

%: acrobat
@: flux-form, slowed, glowing, very slow
A: glow, contaminating, almost no armour, amphibious, 8 rings, camouflage 1,
gelatinous body 1, (nimble swimmer 1), tentacles
a: Begin Untransformation, Renounce Religion, Potion Petition, Call Merchant,
Bribe Branch


You were on level 7 of the Dungeon.
You worshipped Gozag.
Gozag was pleased with you.
You were something dangerously unstable.
You visited 2 branches of the dungeon, and saw 8 of its levels.

You collected 633 gold pieces.
You paid 53 gold pieces to Gozag.


Innate Abilities, Weirdness & Mutations

You are something dangerously unstable.
You glow with magical radiation, making you easy to see and hit.
Foes you strike become dangerously contaminated with magical radiation.
You are incapable of wielding weapons or throwing items.
You cannot wear most types of armour.
You are amphibious.
You can wear up to eight rings at the same time.
Your skin changes colour to match your surroundings (Stealth+).
Your rubbery body absorbs attacks. (AC +1, EV +1)
((You are camouflaged when in or above water. (Stealth+)))
You have tentacles for arms and can constrict up to eight enemies at once.


   Skills:
 - Level 5.0 Fighting
 - Level 2.0 Dodging
 - Level 5.0 Stealth
 - Level 3.0 Unarmed Combat
 + Level 9.5 Shapeshifting


You had 8 spell levels left.
You didn't know any spells.
Your spell library contained the following spells:

 Spells                   Type           Power      Damage    Failure   Level
 Apportation              Tloc           0%         N/A       32%         1
 Jinxbite                 Hex            0%         N/A       45%         2
 Gell's Gravitas          Tloc           0%         N/A       69%         3
 Teleport Other           Tloc           0%         N/A       69%         3
 Alistair's Intoxication  Alch           0%         N/A       100%        5
 Iskenderun's Battlesphe  Conj           0%         2d6       100%        5
 Bombard                  Conj/Erth      0%         9d1       100%        6
 Dispersal                Tloc           0%         N/A       100%        6
 Spellforged Servitor     Conj/Summ      0%         N/A       100%        7

Inventory:

Missiles
 n - 3 silver javelins {throwing}
 x - 5 curare-tipped darts (quivered) {=fthrowing}
Jewellery
 f - a +6 ring of strength (left tentacle)
   (You found it on level 1 of the Dungeon)
 h - an amulet of the acrobat (around mantle)
   (You found it on level 5 of the Dungeon)
 m - a ring of positive energy (right tentacle)
   (You found it on level 1 of the Dungeon)
 o - a +4 ring of protection (on tentacle)
   (You found it on level 2 of the Dungeon)
Talismans
 b - a beast talisman
 c - a flux talisman (active)
 y - a serpent talisman
   (You found it on level 5 of the Dungeon)
Wands
 t - a wand of roots (11)
   (You found it on level 5 of the Dungeon)
Scrolls
 d - a scroll of fog
 e - 2 scrolls of vulnerability {!r!r}
 i - 4 scrolls of teleportation {@r4}
 j - 4 scrolls of noise {!r}
 v - a scroll of immolation {!r!r}
 z - a scroll of poison {unknown}
Potions
 a - a potion of lignification {!q}
 g - 3 potions of curing {unknown}
 k - a potion of brilliance
 l - 2 potions of mutation {unknown}
 p - 2 potions of magic
 q - a potion of degeneration {unknown}
 r - a potion of attraction {unknown}
 s - a potion of heal wounds {unknown}
 u - a potion of resistance {unknown}
 w - a potion of enlightenment {unknown}

Dungeon Overview and Level Annotations

Branches:
Dungeon (7/15) Zot: 26584  Temple (1/1) D:4 Zot: 5983

Altars:
Ashenzari
Cheibriados
Dithmenos
Elyvilon
Gozag
Hepliaklqana
Kikubaaqudgha
Nemelex Xobeh
Okawaru
Qazlal
Ru
Sif Muna
Trog
Uskayaw
Vehumet
Wu Jian
Zin
The Shining One

Shops:
D:1 *

Annotations:
D:1 exclusion: downstairs
D:3 exclusion: 2 downstairs
D:4 Dowan, Duvessa
D:6 exclusion: 2 downstairs

###'###.....###'###.....#
#. #.Y##...##...W.##..###
. ##.##.##....#..##..#
.###..#..##..##.#
.#..##..###..#.#
#.###[#$....#.# .#
#'....###....+.# #.D#
.#....?#Y###.#.# .#
###zp# .# W# #.$# ## . #
#... #. ....# ###+##
##+### #..#.. ..#.#.
.#... #..#


You could see a yak (misshapen) and a wight.


Message History

You now have 580 gold pieces (gained 4).
Something unseen opens the door.
There is a broken door here.
You hear the steady creaking of a portcullis very nearby.
A scorpion comes into view.
The scorpion moves out of view.
You see here 23 gold pieces.
The scorpion misses you.
You tentacle-slap the scorpion.
The scorpion begins to glow.
Your grab misses the scorpion. The scorpion stings you.
You are poisoned.
The scorpion poisons you!
HP[-5]
You take 5 damage, and now have 56/61 hp.
You tentacle-slap the scorpion.
The scorpion glows dangerously bright.
You grab the scorpion.
You squeeze the scorpion, but do no damage.
You constrict the scorpion, but do no damage.
You feel sick. The scorpion stings you!
You are more poisoned.
The scorpion poisons you!
HP[-8]
You take 8 damage, and now have 48/61 hp.
You tentacle-slap the scorpion but do no damage.
The scorpion shudders as magic cascades through it!
The scorpion twists and deforms.
You constrict the scorpion.
You feel very sick. The scorpion closely misses you. x2
HP[-4]
You take 4 damage, and now have 44/61 hp.
You completely miss the scorpion. You constrict the scorpion.
You feel very sick. The wraith hits you. The scorpion misses you.
HP[-7]
You take 7 damage, and now have 37/61 hp.
You tentacle-slap the scorpion.
You kill the scorpion!
You feel very sick. The wraith misses you.
HP[-2]
You take 2 damage, and now have 35/61 hp.
You tentacle-slap the wraith but do no damage.
The wraith begins to glow.
You feel sick.
The wraith is distracted by your dazzling golden aura.
HP[-2]
You take 2 damage, and now have 33/61 hp.
You tentacle-slap the wraith but do no damage.
The wraith glows dangerously bright.
The wraith is no longer distracted by gold.
You squeeze the wraith, but do no damage.
You feel sick. The wraith misses you.
HP[-1]
You take 1 damage, and now have 32/61 hp.
You barely miss the wraith.
You squeeze the wraith, but do no damage.
You feel sick. The wraith misses you.
HP[-2]
You take 2 damage, and now have 30/61 hp.
You tentacle-slap the wraith but do no damage.
The wraith shudders as magic cascades through it!!
You feel sick. The wraith hits you.
* * * LOW HITPOINT WARNING * * *
The wraith drains your vigour!
You feel yourself slow down.
HP[-2]
You take 2 damage, and now have 28/61 hp.
You tentacle-slap the wraith.
You destroy the wraith!
You feel sick. The yak barely misses you.
HP[-1]
You take 1 damage, and now have 27/61 hp.
You completely miss the yak.
You feel sick. The yak closely misses you.
HP[-1]
You take 1 damage, and now have 26/61 hp.
You tentacle-slap the yak.
The yak begins to glow.
Your squeeze misses the yak.
You feel sick.
You are no longer poisoned.
The yak gores you!
* * * LOW HITPOINT WARNING * * *
HP[-9]
You take 9 damage, and now have 17/61 hp.
You tentacle-slap the yak.
The yak glows dangerously bright.
You squeeze the yak. The yak misses you. The yak gores you!
* * * LOW HITPOINT WARNING * * *
HP[-12]
You take 12 damage, and now have 5/61 hp.
You tentacle-slap the yak.
The yak shudders as magic cascades through it.
The yak twists and deforms.
The yak barely misses you.
HP[+1]
You barely miss the yak. The yak gores you.
* * * LOW HITPOINT WARNING * * *
The yak barely misses you.
HP[-5]
You take 5 damage, and now have 1/61 hp.
Okay, then.
Okay, then.
It was a potion of magic.
Magic courses through your body. The yak gores you.
You die...
Your body crumbles into a pile of gold.

Skill      XL: |  1  2  3  4  5  6  7  8 |
---------------+-------------------------+-----
Stealth        | 3 5 |  5.0
Fighting       | 2 4 5 |  5.0
Shapeshifting  | 4 6 9 |  9.5
Dodging        | |  2.0
Unarmed Combat | |  3.0

Action                     |  1- 3 |  4- 6 |  7- 9 || total
---------------------------+-------+-------+-------++-------
  Melee: Unarmed           |    59 |   110 |   137 ||   306
         Constrict         |    18 |    31 |    38 ||    87
         Tentacles         |    10 |    17 |    49 ||    76
         Punch             |       |     6 |     9 ||    15
  Throw: Dart              |       |       |     1 ||     1
    Use: Scroll            |       |     2 |     6 ||     8
         Potion            |       |       |     1 ||     1
   Stab: Sleeping          |     8 |    16 |    11 ||    35
 Armour: Skin              |    30 |    43 |    79 ||   152
  Dodge: Dodged            |    20 |    59 |    98 ||   177
   Form: Flux              |       |       |     1 ||     1

Levels and vault maps discovered:
D:1:      scummos_arrival_simple_crosswalls, layout_basic, serial_shops, shop
D:2:      layout_basic, minmay_vboxes
D:3:      layout_basic
D:4:      layout_basic, minmay_temple_entry_mini_moons, uniq_duvessa
D:5:      layout_basic, nicolae_wu_jian_wuxing_cycle, uniq_edmund
D:6:      layout_gridville, nemelex_diamond_rough_becter
D:7:      minmay_the_grid_octo_2x2 [minmay_the_grid_octo_pinwheel,
          minmay_the_grid_octo_checkerflower,
          minmay_the_grid_octo_thin_diamonds,
          minmay_the_grid_octo_prize_single_spiral], layout_loops_cross,
          enter_bailey_2
Temple:   compressed_dpeg_triangle_lava_temple

Notes
Turn   | Place    | Note
-------+----------+-------------------------------------------
     0 | D:1      | zeratav the Octopode Shapeshifter began the quest for the
                  | Orb.
     0 | D:1      | Reached XP level 1. HP: 13/13 MP: 1/1
     0 | D:1      | magus.rc [v1.9.6]
    30 | D:1      | Reached skill level 1 in Stealth
    50 | D:1      | Reached skill level 2 in Stealth
   104 | D:1      | Reached skill level 3 in Stealth
   104 | D:1      | Reached XP level 2. HP: 14/18 MP: 2/2
   229 | D:1      | Reached XP level 3. HP: 19/23 MP: 3/3
   234 | D:1      | Reached skill level 4 in Stealth
   378 | D:1      | Found Yzi Juemp's Assorted Antiques.
   827 | D:2      | Reached skill level 5 in Stealth
   827 | D:2      | Reached XP level 4. HP: 18/28 MP: 4/4
   832 | D:2      | HP: 6/28 [frozen (2)]
   840 | D:2      | HP: 1/28 [gnoll/+0 spear (5)]
  1063 | D:2      | Reached skill level 2 in Fighting
  1576 | D:3      | Reached XP level 5. HP: 36/36 MP: 5/5
  1667 | D:3      | Reached skill level 3 in Fighting
  2519 | D:4      | Found a staircase to the Ecumenical Temple.
  2529 | D:4      | Reached skill level 4 in Fighting
  2531 | Temple   | Entered the Ecumenical Temple
  2539 | Temple   | Became a worshipper of Gozag Ym Sagoz the Greedy
  2560 | D:4      | Noticed a phantom
  2577 | D:4      | Noticed Duvessa
  2590 | D:4      | Reached XP level 6. HP: 31/44 MP: 6/6
  2677 | D:4      | Noticed Dowan
  2766 | D:4      | Noticed a black bear
  3010 | D:4      | Reached skill level 5 in Fighting
  3095 | D:4      | Noticed a black bear
  3261 | D:4      | Reached skill level 4 in Shapeshifting
  3553 | D:5      | Entered Level 5 of the Dungeon
  3567 | D:5      | Reached XP level 7. HP: 50/50 MP: 7/7
  3607 | D:5      | HP: 7/50 [orc warrior/+0 short sword (10)]
  3839 | D:5      | You pick up a book of Party Tricks and begin reading...
  3839 | D:5      | You add the spells Apportation, Jinxbite and Alistair's
                  | Intoxication to your library.
  4026 | D:5      | Reached skill level 5 in Shapeshifting
  4283 | D:5      | Reached skill level 6 in Shapeshifting
  4309 | D:5      | Reached XP level 8. HP: 55/55 MP: 8/8
  4327 | D:5      | Found an ornate altar of the Wu Jian Council.
  4623 | D:5      | Noticed Edmund
  4632 | D:5      | Killed Edmund
  4633 | D:5      | Reached skill level 7 in Shapeshifting
  5167 | D:6      | Found a sparkling altar of Nemelex Xobeh.
  5515 | D:6      | Reached skill level 8 in Shapeshifting
  5668 | D:6      | You pick up a book of Power and begin reading...
  5668 | D:6      | You add the spells Iskenderun's Battlesphere, Bombard and
                  | Spellforged Servitor to your library.
  5957 | D:7      | You add the spells Gell's Gravitas, Teleport Other and
                  | Dispersal to your library.
  5995 | D:7      | Noticed a hornet
  6137 | D:7      | Noticed a yak
  6193 | D:7      | Noticed a shadow
  6224 | D:7      | Noticed a wraith
  6237 | D:6      | Reached skill level 9 in Shapeshifting
  6331 | D:7      | Reached XP level 9. HP: 61/61 MP: 9/9
  6358 | D:7      | HP: 5/61 [yak (12)]
  6360 | D:7      | HP: 1/61 [yak (5)]
  6361 | D:7      | Slain by a yak

Vanquished Creatures
  A wraith (D:7)
  A steam dragon (D:7)
  Edmund (D:5)
  2 water moccasins
  An orc warrior (D:5)
  A phantom (D:4)
  A bullfrog (D:7)
  3 scorpions
  A howler monkey (D:4)
  4 bombardier beetles
  A jelly (D:6)
  An orc priest (D:5)
  2 gnoll boudas
  3 hounds
  A sleepcap (D:5)
  7 iguanas
  An orc wizard (D:5)
  9 gnolls
  6 adders
  A shadow imp (D:6)
  2 white imps
  2 ribbon worms
  2 dart slugs
  12 orcs
  4 ball pythons
  10 bats
  5 endoplasms
  5 giant cockroaches
  7 goblins
  9 hobgoblins
  4 jackals (D:1)
  5 quokkas
  2 frilled lizards
  4 kobolds
  9 rats
130 creatures vanquished.

Table legend:
 A = Non-vault XP
 B = Vault XP
 C = Vault XP percentage of total XP
 D = Non-vault monster count
 E = Vault monster count
 F = Vault count percentage of total count
                 A         B        C        D         E       F
            +---------+---------+-------+---------+---------+-------
      Total |    2206 |     470 |  17.6 |     122 |       8 |   6.2
            +---------+---------+-------+---------+---------+-------
        D:1 |      66 |       0 |   0.0 |      29 |       0 |   0.0
        D:2 |      79 |       7 |   8.1 |      16 |       4 |  20.0
        D:3 |      49 |       0 |   0.0 |      21 |       0 |   0.0
        D:4 |     399 |       0 |   0.0 |      14 |       0 |   0.0
        D:5 |     745 |     176 |  19.1 |      25 |       1 |   3.8
        D:6 |     506 |       0 |   0.0 |      12 |       0 |   0.0
        D:7 |     362 |     287 |  44.2 |       5 |       3 |  37.5
            +---------+---------+-------+---------+---------+-------

Skill      XL: |  1  2  3  4  5  6  7  8 |
---------------+-------------------------+-----
Stealth        | 3 5 |  5.0
Fighting       | 2 4 5 |  5.0
Shapeshifting  | 4 6 9 |  9.5
Dodging        | |  2.0
Unarmed Combat | |  3.0

Action                     |  1- 3 |  4- 6 |  7- 9 || total
---------------------------+-------+-------+-------++-------
  Melee: Unarmed           |    59 |   110 |   137 ||   306
         Constrict         |    18 |    31 |    38 ||    87
         Tentacles         |    10 |    17 |    49 ||    76
         Punch             |       |     6 |     9 ||    15
  Throw: Dart              |       |       |     1 ||     1
    Use: Scroll            |       |     2 |     6 ||     8
         Potion            |       |       |     1 ||     1
   Stab: Sleeping          |     8 |    16 |    11 ||    35
 Armour: Skin              |    30 |    43 |    79 ||   152
  Dodge: Dodged            |    20 |    59 |    98 ||   177
   Form: Flux              |       |       |     1 ||     1

Illustrated notes

Table legend:
 A = Kills in this place as a percentage of kills in the entire game.
 B = Kills by you in this place as a percentage of kills by you in the entire game.
 C = Kills by friends in this place as a percentage of kills by friends in the entire game.
 D = Other kills in this place as a percentage of other kills in the entire game.
 E = Experience gained in this place as a percentage of experience gained in the entire game.
 F = Experience gained in this place divided by the number of levels of this place that you have seen.
                   A       B       C       D       E      F
               +-------+-------+-------+-------+-------+----------------------
         Total | 100.0 | 100.0 |   N/A |   N/A | 100.0 | 334.5
       Dungeon | 100.0 | 100.0 |   N/A |   N/A | 100.0 | 382.3
               +-------+-------+-------+-------+-------+----------------------

Table legend: (Time is in decaauts)
 A = Elapsed time spent in this place.
 B = Non-inter-level travel time spent in this place.
 C = Inter-level travel time spent in this place.
 D = Time resting spent in this place.
 E = Time spent auto-exploring this place.
 F = Levels seen in this place.
 G = Mean time per level.
                   A        B        C        D        E       F      G
               +--------+--------+--------+--------+--------+-----+--------+
         Total |   6350 |   5819 |    531 |    804 |   3557 |   8 |  793.8 |
       Dungeon |   6333 |   5818 |    515 |    804 |   3557 |   7 |  904.7 |
        Temple |     16 |      1 |     15 |      0 |      0 |   1 |   16.0 |
               +--------+--------+--------+--------+--------+-----+--------+

Top non-repeatable levels by time:
     D:5: 1229 daAuts
     D:4: 1118 daAuts
     D:6: 1068 daAuts
     D:3: 1056 daAuts
     D:1: 936 daAuts
     D:2: 605 daAuts
     D:7: 319 daAuts
  Temple: 16 daAuts
